 Dungeon Crawl Stone Soup version 0.28-a0-43-g560ac104fe (webtiles) character file.

Game seed: 4016938711157824805

217 sanka the Ducker (level 5, -3/43 HPs)
             Began as a Gnoll Gladiator on July 28, 2021.
             Slain by Grinder (6 damage)
             ... on level 3 of the Dungeon.
             The game lasted 00:03:37 (2570 turns).

sanka the Ducker (Gnoll Gladiator)                  Turns: 2570, Time: 00:03:37

Health: -3/43      AC:  8    Str: 14    XL:     5   Next: 94%
Magic:  7/7        EV: 13    Int:  8    God:
Gold:   137        SH:  0    Dex: 13    Spells: 7/7 levels left

rFire   . . .      SeeInvis .   a - +0 trident
rCold   . . .      Faith    .   (no shield)
rNeg    . . .      Spirit   .   o - +0 ring mail
rPois   .          Reflect  .   c - +0 helmet
rElec   .          Harm     .   e - +1 cloak
rCorr   .          Rampage  .   (no gloves)
Will    .....                   (no boots)
Stlth   +.........              (no amulet)
HPRegen 0.14/turn               (no ring)
MPRegen 0.10/turn               (no ring)

@: no status effects
A: fangs 1, strong nose, distributed training
a: no special abilities


You were on level 3 of the Dungeon.
You visited 1 branch of the dungeon, and saw 3 of its levels.

You collected 137 gold pieces.


Innate Abilities, Weirdness & Mutations

You have very sharp teeth.
Your uncanny sense of smell can sniff out nearby items.
Your experience applies equally to all skills.


   Skills:
 + Level 4.9 Fighting
 + Level 1.7 Short Blades
 + Level 1.7 Long Blades
 + Level 1.7 Axes
 + Level 1.7 Maces & Flails
 + Level 6.7 Polearms
 + Level 1.7 Staves
 + Level 1.7 Slings
 + Level 1.7 Bows
 + Level 1.7 Crossbows
 + Level 4.9 Throwing
 + Level 1.7 Armour
 + Level 6.7 Dodging
 + Level 1.7 Stealth
 + Level 1.7 Shields
 + Level 1.7 Unarmed Combat
 + Level 1.7 Spellcasting
 + Level 1.3 Conjurations
 + Level 1.3 Hexes
 + Level 1.3 Summonings
 + Level 1.3 Necromancy
 + Level 1.3 Translocations
 + Level 1.3 Transmutations
 + Level 1.3 Fire Magic
 + Level 1.3 Ice Magic
 + Level 1.3 Air Magic
 + Level 1.3 Earth Magic
 + Level 1.3 Poison Magic
 + Level 1.9 Invocations
 + Level 1.7 Evocations


You had 7 spell levels left.
You didn't know any spells.
Your spell library was empty.

Inventory:

Hand Weapons
 a - a +0 trident (weapon)
Missiles
 d - 3 throwing nets (quivered) {=f}
 p - 11 poisoned darts
Armour
 c - a +0 helmet (worn)
 e - a +1 cloak (worn)
 o - a +0 ring mail (worn)
Jewellery
 k - a ring of ice
Scrolls
 f - a scroll of enchant weapon {unknown}
 h - 2 scrolls of teleportation {unknown}
 j - a scroll of identify {unknown}
 n - a scroll of amnesia {unknown}
 q - a scroll of magic mapping {unknown}
Potions
 b - a potion of invisibility {unknown}
 g - a potion of magic {unknown}
 i - 2 potions of haste {unknown}
 m - a potion of ambrosia {unknown}

Dungeon Overview and Level Annotations

Branches:
Dungeon (3/15)

Altars:

Annotations:
D:3 Grinder

▒.▒▒ .... ▒... .... ...
.... . ...▒ ..▒ ... ..
▒▒▒▒▒▒..▒ ▒.▒▒▒▒.▒▒.▒
........▒ ▒.▒▒......▒
▒▒▒▒▒...▒ ▒▒.▒▒......▒.
▒...▒ ▒....g5......
▒▒▒▒▒...▒▒▒▒..▒▒.....▒▒.
......▒........▒....?▒
▒....).......▒▒.▒▒▒
▒▒▒▒...▒▒▒▒▒....▒ .▒
▒..................▒
▒.▒▒.†▒▒▒▒▒▒.▒..▒▒▒▒
▒.▒▒..▒ ▒.▒..▒
..▒▒..▒▒▒▒▒▒.▒..▒


You could see Grinder.


Message History

Pain shoots through your body!
* * * LOW HITPOINT WARNING * * *
Unknown command.
You closely miss Grinder.
Grinder is severely wounded.
Grinder gestures at you. You resist with significant effort.
Unknown command.
Unknown command.
It was a potion of curing.
Grinder hits you but does no damage. Grinder gestures at you.
You suddenly lose the ability to move!
Grinder hits you but does no damage. Grinder gestures at you.
Pain shoots through your body!
* * * LOW HITPOINT WARNING * * *
Grinder gestures at you. You resist with significant effort.
You can move again.
You closely miss Grinder.
Grinder is severely wounded.
Grinder hits you but does no damage.
Unknown command.
You barely miss Grinder.
Grinder is severely wounded.
Grinder hits you.
* * * LOW HITPOINT WARNING * * *
You writhe in agony.
You die...

Action                   |  1- 3 |  4- 6 || total
-------------------------+-------+-------++-------
Melee: Trident           |   135 |   172 ||   307
       Bite              |    11 |     7 ||    18
       Punch             |     1 |     2 ||     3
  Use: Potion            |       |     2 ||     2
 Stab: Sleeping          |     7 |     1 ||     8
Armor: Leather armour    |    25 |     5 ||    30
       Ring mail         |       |    42 ||    42
Dodge: Dodged            |    62 |    89 ||   151

Levels and vault maps discovered:
D:1:      dpeg_arrival_three_same_balls, layout_basic
D:2:      layout_loops_ring, grunt_ministairs_1, eino_tiny_chamber
D:3:      layout_loops_ring, uniq_grinder, uniq_robin, uniq_natasha,
          uniq_jessica

Notes
Turn   | Place    | Note
-------+----------+-------------------------------------------
     0 | D:1      | sanka the Gnoll Gladiator began the quest for the Orb.
     0 | D:1      | Reached XP level 1. HP: 20/20 MP: 1/1
   303 | D:1      | Reached XP level 2. HP: 26/26 MP: 2/2
   719 | D:2      | Reached XP level 3. HP: 30/31 MP: 3/3
   951 | D:1      | Reached skill level 1 in Invocations
  1190 | D:1      | Reached skill level 1 in Short Blades
  1190 | D:1      | Reached skill level 1 in Long Blades
  1190 | D:1      | Reached skill level 1 in Axes
  1190 | D:1      | Reached skill level 1 in Maces & Flails
  1190 | D:1      | Reached skill level 1 in Staves
  1190 | D:1      | Reached skill level 1 in Slings
  1190 | D:1      | Reached skill level 1 in Bows
  1190 | D:1      | Reached skill level 1 in Crossbows
  1190 | D:1      | Reached skill level 1 in Armour
  1190 | D:1      | Reached skill level 1 in Stealth
  1190 | D:1      | Reached skill level 1 in Shields
  1190 | D:1      | Reached skill level 1 in Unarmed Combat
  1190 | D:1      | Reached skill level 1 in Spellcasting
  1190 | D:1      | Reached skill level 1 in Evocations
  1210 | D:1      | Reached XP level 4. HP: 34/38 MP: 5/5
  1952 | D:3      | Noticed Natasha
  1964 | D:3      | Killed Natasha
  1965 | D:3      | Reached skill level 1 in Conjurations
  1965 | D:3      | Reached skill level 1 in Hexes
  1965 | D:3      | Reached skill level 1 in Summonings
  1965 | D:3      | Reached skill level 1 in Necromancy
  1965 | D:3      | Reached skill level 1 in Translocations
  1965 | D:3      | Reached skill level 1 in Transmutations
  1965 | D:3      | Reached skill level 1 in Fire Magic
  1965 | D:3      | Reached skill level 1 in Ice Magic
  1965 | D:3      | Reached skill level 1 in Air Magic
  1965 | D:3      | Reached skill level 1 in Earth Magic
  1965 | D:3      | Reached skill level 1 in Poison Magic
  1982 | D:3      | Noticed Robin
  1994 | D:3      | Reached XP level 5. HP: 41/43 MP: 6/6
  2004 | D:3      | Killed Robin
  2029 | D:3      | Noticed Jessica
  2043 | D:3      | Killed Jessica
  2128 | D:3      | Noticed Natasha
  2143 | D:3      | Killed Natasha
  2548 | D:3      | Noticed Grinder
  2550 | D:3      | Paralysed by Grinder for 4 turns
  2565 | D:3      | Paralysed by Grinder for 4 turns
  2570 | D:3      | HP: 3/43 [Grinder (4)]
  2570 | D:3      | Slain by Grinder

Vanquished Creatures
  Jessica (D:3)
  Natasha (twice) (D:3)
  Robin (D:3)
  3 adders
  A dart slug (D:2)
  8 endoplasms
  2 giant cockroaches
  13 goblins
  5 hobgoblins
  20 jackals
  5 kobolds
  6 quokkas
  A ball python (D:2)
  10 bats
  3 frilled lizards
  11 rats
92 creatures vanquished.
